TOP OF THE 1ST |
Atlantic City War Dogs batting - Pitching for Amity Gardens Westerners : RHP Rafael Reyes
|
Pitching: RHP Rafael Reyes
|
|
Batting: RHB Armando Vega
|
0-0: Ball 1-0: Ball 2-0: Called Strike 2-1: Swinging Strike 2-2: Ball 3-2: Foul Ball, location: 2F 3-2: DOUBLE (Line Drive, 7LM)
|
Batting: RHB Francisco Martínez
|
0-0: Called Strike 0-1: Ball 1-1: Ball 2-1: Ball 3-1: SINGLE (Groundball, 4D) Armando Vega to third Runner from 3rd tries for Home, SAFE, no throw
|
Batting: LHB Trey Fitzpatrick
|
0-0: Ball 1-0: Called Strike 1-1: Foul Ball, location: 2F 1-2: Ball 2-2: Fly out, F9 (Line Drive, 9LM)
|
Batting: LHB Robert Mann
|
0-0: Called Strike 0-1: Foul Ball, location: 2F 0-2: Ball 1-2: Foul Ball, location: 2F 1-2: Ball 2-2: Strikes out looking
|
Batting: RHB Pancho Valdés
|
0-0: Called Strike Francisco Martínez steals 2nd base 0-1: DOUBLE (Groundball, 5L) Francisco Martínez scores
|
Batting: LHB Patrick Ferguson
|
0-0: Ball 1-0: Ground out U3 (Groundball, 3)
|
Top of the 1st over - 2 run(s), 3 hit(s), 0 error(s), 1 left on base; Atlantic City 2 - Amity Gardens 0 |
BOTTOM OF THE 1ST |
Amity Gardens Westerners batting - Pitching for Atlantic City War Dogs : RHP Tim Hernández
|
Pitching: RHP Tim Hernández
|
|
Batting: RHB Manny Olhoa
|
0-0: Called Strike 0-1: Foul Ball, location: 2F 0-2: Ball 1-2: Strikes out swinging
|
Batting: RHB Gustavo Todd
|
0-0: Fly out, F8 (Flyball, 8LM)
|
Batting: SHB Chris Barrett
|
0-0: Ball 1-0: Ball 2-0: Swinging Strike 2-1: Called Strike 2-2: Strikes out looking
|
Bottom of the 1st over - 0 run(s), 0 hit(s), 0 error(s), 0 left on base; Atlantic City 2 - Amity Gardens 0 |
TOP OF THE 2ND |
Atlantic City War Dogs batting - Pitching for Amity Gardens Westerners : RHP Rafael Reyes
|
Batting: RHB Heath O'Keerwin
|
0-0: Swinging Strike 0-1: Ground out 5-3 (Groundball, 56)
|
Batting: RHB Kevin Robinson
|
0-0: Called Strike 0-1: Fly out, F8 (Flyball, 8LM)
|
Batting: RHB Jeff Buck
|
0-0: Called Strike 0-1: Ball 1-1: Fly out, F5 (Line Drive, 5S)
|
Top of the 2nd over - 0 run(s), 0 hit(s), 0 error(s), 0 left on base; Atlantic City 2 - Amity Gardens 0 |
BOTTOM OF THE 2ND |
Amity Gardens Westerners batting - Pitching for Atlantic City War Dogs : RHP Tim Hernández
|
Batting: RHB Luis López
|
0-0: Foul Ball, location: 2F 0-1: Foul Ball, location: 2F 0-2: Hit by Pitch
|
Batting: RHB Justin Tomlinson
|
0-0: Called Strike 0-1: Ball 1-1: Ball 2-1: Ball 3-1: Foul Ball, location: 2F 3-2: Foul Ball, location: 2F 3-2: Base on Balls Luis López to second
|
Batting: RHB Xavier Silva
|
0-0: Foul Ball, location: 2F 0-1: Ball 1-1: Called Strike 1-2: Strikes out swinging
|
Batting: RHB Tomás Rivera
|
0-0: Fielders Choice at 2nd, 1-6 (Groundball, 13S) Luis López to third
|
Batting: RHB Jonathon García
|
0-0: Called Strike 0-1: Fielders Choice at 2nd, 5-4 (Groundball, 56)
|
Bottom of the 2nd over - 0 run(s), 0 hit(s), 0 error(s), 1 left on base; Atlantic City 2 - Amity Gardens 0 |
TOP OF THE 3RD |
Atlantic City War Dogs batting - Pitching for Amity Gardens Westerners : RHP Rafael Reyes
|
Batting: RHB Armando Vega
|
0-0: Ball 1-0: Ball 2-0: Ball 3-0: Called Strike 3-1: Fly out, F7 (Flyball, 78M)
|
Batting: RHB Francisco Martínez
|
0-0: Called Strike 0-1: Ball 1-1: Ball 2-1: Foul Ball, location: 2F 2-2: Fly out, F7 (Flyball, 7)
|
Batting: LHB Trey Fitzpatrick
|
0-0: Foul Ball, location: 2F 0-1: Ball 1-1: Ball 2-1: Fly out, F8 (Flyball, 89M)
|
Top of the 3rd over - 0 run(s), 0 hit(s), 0 error(s), 0 left on base; Atlantic City 2 - Amity Gardens 0 |
BOTTOM OF THE 3RD |
Amity Gardens Westerners batting - Pitching for Atlantic City War Dogs : RHP Tim Hernández
|
Batting: RHB Carlos Dumenigo
|
0-0: Ball 1-0: Fly out, F8 (Flyball, 78M)
|
Batting: RHB Manny Olhoa
|
0-0: Foul Ball, location: 2F 0-1: SINGLE (Groundball, 2R) (infield hit)
|
Batting: RHB Gustavo Todd
|
0-0: Called Strike 0-1: Ball Manny Olhoa is caught stealing 2nd base 1-1: Called Strike 1-2: Ground out 4-3 (Groundball, 4)
|
Bottom of the 3rd over - 0 run(s), 1 hit(s), 0 error(s), 0 left on base; Atlantic City 2 - Amity Gardens 0 |
TOP OF THE 4TH |
Atlantic City War Dogs batting - Pitching for Amity Gardens Westerners : RHP Rafael Reyes
|
Batting: LHB Robert Mann
|
0-0: Fly out, F5 (Popup, 5L)
|
Batting: RHB Pancho Valdés
|
0-0: Ball 1-0: Ball 2-0: Reached on error, E6 (Groundball, 6S)
|
Batting: LHB Patrick Ferguson
|
0-0: Ball 1-0: Called Strike 1-1: Swinging Strike 1-2: Foul Ball, location: 2F 1-2: Foul Ball, location: 2F 1-2: Ball 2-2: 2-RUN HOME RUN (Flyball, 89XD), Distance : 433 ft
|
Batting: RHB Heath O'Keerwin
|
0-0: Called Strike 0-1: Ball 1-1: Foul Ball, location: 2F 1-2: Foul Ball, location: 2F 1-2: Strikes out looking
|
Batting: RHB Kevin Robinson
|
0-0: Foul Ball, location: 2F 0-1: Ball 1-1: Foul Ball, location: 2F 1-2: Foul Ball, location: 2F 1-2: Fly out, F8 (Flyball, 8LD)
|
Top of the 4th over - 2 run(s), 1 hit(s), 1 error(s), 0 left on base; Atlantic City 4 - Amity Gardens 0 |
BOTTOM OF THE 4TH |
Amity Gardens Westerners batting - Pitching for Atlantic City War Dogs : RHP Tim Hernández
|
Batting: SHB Chris Barrett
|
0-0: Called Strike 0-1: Fly out, F7 (Flyball, 7S)
|
Batting: RHB Luis López
|
0-0: Called Strike 0-1: Ball 1-1: Foul Ball, location: 2F 1-2: Ball 2-2: Strikes out looking
|
Batting: RHB Justin Tomlinson
|
0-0: Called Strike 0-1: Foul Ball, location: 2F 0-2: Ball 1-2: Foul Ball, location: 2F 1-2: Foul Ball, location: 2F 1-2: Ball 2-2: SINGLE (Groundball, 6MD)
|
Batting: RHB Xavier Silva
|
0-0: Ball 1-0: Ball 2-0: Ball 3-0: Called Strike 3-1: Fly out, F7 (Flyball, 7)
|
Bottom of the 4th over - 0 run(s), 1 hit(s), 0 error(s), 1 left on base; Atlantic City 4 - Amity Gardens 0 |
TOP OF THE 5TH |
Atlantic City War Dogs batting - Pitching for Amity Gardens Westerners : RHP Rafael Reyes
|
Batting: RHB Jeff Buck
|
0-0: Called Strike 0-1: Ball 1-1: Ball 2-1: Swinging Strike 2-2: SINGLE (Flyball, 8RS)
|
Batting: RHB Armando Vega
|
0-0: Called Strike 0-1: Called Strike 0-2: Ball 1-2: Ball Wild Pitch! Jeff Buck to second 2-2: Ball 3-2: Intentional Walk
|
Pitching: RHP Dan McCullough
|
|
Batting: RHB Francisco Martínez
|
0-0: Ball 1-0: Called Strike 1-1: Called Strike 1-2: SINGLE (Flyball, 89S) Jeff Buck to third Armando Vega to second
|
Batting: LHB Trey Fitzpatrick
|
0-0: Called Strike 0-1: Swinging Strike 0-2: Foul Ball, location: 2F 0-2: Foul Ball, location: 2F 0-2: Foul Ball, location: 2F 0-2: Foul Ball, location: 2F 0-2: Ball 1-2: Foul Ball, location: 2F 1-2: Foul Ball, location: 2F 1-2: Ball 2-2: Ball 3-2: Foul Ball, location: 2F 3-2: Fly out, F7 (Flyball, 7LSF) Runner from 3rd tags up, SCORES, no throw
|
Batting: LHB Robert Mann
|
0-0: Ball 1-0: Called Strike 1-1: Ball 2-1: Foul Ball, location: 2F 2-2: Ball 3-2: Fielders Choice at 2nd, 3-6 (Groundball, 3) Armando Vega to third
|
Batting: RHB Pancho Valdés
|
0-0: Ball 1-0: Ball 2-0: Fly out, F6 (Line Drive, 6M)
|
Top of the 5th over - 1 run(s), 2 hit(s), 0 error(s), 2 left on base; Atlantic City 5 - Amity Gardens 0 |
BOTTOM OF THE 5TH |
Amity Gardens Westerners batting - Pitching for Atlantic City War Dogs : RHP Tim Hernández
|
Batting: RHB Tomás Rivera
|
0-0: Ball 1-0: Called Strike 1-1: Swinging Strike 1-2: Strikes out swinging
|
Batting: RHB Jonathon García
|
0-0: Called Strike 0-1: Fly out, F9 (Line Drive, 9LM)
|
Batting: RHB Carlos Dumenigo
|
0-0: Called Strike 0-1: Called Strike 0-2: Strikes out looking
|
Bottom of the 5th over - 0 run(s), 0 hit(s), 0 error(s), 0 left on base; Atlantic City 5 - Amity Gardens 0 |
TOP OF THE 6TH |
Atlantic City War Dogs batting - Pitching for Amity Gardens Westerners : RHP Dan McCullough
|
Batting: LHB Patrick Ferguson
|
0-0: Ball 1-0: Foul Ball, location: 2F 1-1: Called Strike 1-2: Foul Ball, location: 2F 1-2: Ball 2-2: DOUBLE (Flyball, 89M)
|
Batting: RHB Heath O'Keerwin
|
0-0: Called Strike 0-1: Ground out 4-3 (Groundball, 4M) Patrick Ferguson to third
|
Batting: RHB Kevin Robinson
|
0-0: Intentional Walk
|
Batting: RHB Jeff Buck
|
0-0: Ball 1-0: Grounds into double play, 6-4-3 (Groundball, 6)
|
Top of the 6th over - 0 run(s), 1 hit(s), 0 error(s), 1 left on base; Atlantic City 5 - Amity Gardens 0 |
BOTTOM OF THE 6TH |
Amity Gardens Westerners batting - Pitching for Atlantic City War Dogs : RHP Tim Hernández
|
Batting: RHB Manny Olhoa
|
0-0: Called Strike 0-1: Ball 1-1: Ball 2-1: Fly out, F9 (Flyball, 9S)
|
Batting: RHB Gustavo Todd
|
0-0: Called Strike 0-1: Ball 1-1: Foul Ball, location: 2F 1-2: SINGLE (Line Drive, 7S)
|
Batting: SHB Chris Barrett
|
0-0: Called Strike 0-1: Swinging Strike 0-2: Ball 1-2: Fly out, F9 (Flyball, 9)
|
Batting: RHB Luis López
|
0-0: Called Strike Gustavo Todd steals 2nd base 0-1: Ball 1-1: Foul Ball, location: 2F 1-2: Strikes out swinging
|
Bottom of the 6th over - 0 run(s), 1 hit(s), 0 error(s), 1 left on base; Atlantic City 5 - Amity Gardens 0 |
TOP OF THE 7TH |
Atlantic City War Dogs batting - Pitching for Amity Gardens Westerners : RHP Dan McCullough
|
Batting: RHB Armando Vega
|
0-0: Ground out 6-3 (Groundball, 6)
|
Batting: RHB Francisco Martínez
|
0-0: Ball 1-0: Ball 2-0: Ball 3-0: Called Strike 3-1: Foul Ball, location: 2F 3-2: Foul Ball, location: 2F 3-2: Ground out 6-3 (Groundball, 6)
|
Batting: LHB Trey Fitzpatrick
|
0-0: Called Strike 0-1: Foul Ball, location: 2F 0-2: Ground out 4-3 (Groundball, 4)
|
Top of the 7th over - 0 run(s), 0 hit(s), 0 error(s), 0 left on base; Atlantic City 5 - Amity Gardens 0 |
BOTTOM OF THE 7TH |
Amity Gardens Westerners batting - Pitching for Atlantic City War Dogs : RHP Tim Hernández
|
Batting: RHB Justin Tomlinson
|
0-0: Swinging Strike 0-1: Foul Ball, location: 2F 0-2: Fly out, F6 (Line Drive, 6M)
|
Pitching: RHP Augusto Molina
|
|
Batting: RHB Xavier Silva
|
0-0: Ball 1-0: Called Strike 1-1: Ball 2-1: Foul Ball, location: 2F 2-2: Fly out, F8 (Line Drive, 78M)
|
Batting: RHB Tomás Rivera
|
0-0: Called Strike 0-1: Ball 1-1: Called Strike 1-2: Strikes out looking
|
Bottom of the 7th over - 0 run(s), 0 hit(s), 0 error(s), 0 left on base; Atlantic City 5 - Amity Gardens 0 |
TOP OF THE 8TH |
Atlantic City War Dogs batting - Pitching for Amity Gardens Westerners : RHP Dan McCullough
|
Batting: LHB Robert Mann
|
0-0: Ball 1-0: Swinging Strike 1-1: SOLO HOME RUN (Flyball, 9D), Distance : 394 ft
|
Batting: RHB Pancho Valdés
|
0-0: Called Strike 0-1: Called Strike 0-2: Ball 1-2: Hit by Pitch, AND HE CHARGES THE MOUND! The benches clear!
|
Pitching: RHP Raúl Letona
|
|
Pinch Runner at 1st Nelson Martínez:
|
|
Batting: LHB Patrick Ferguson
|
0-0: Called Strike 0-1: Foul Ball, location: 2F 0-2: Ball 1-2: Ball Wild Pitch! Nelson Martínez to second 2-2: Ball 3-2: Foul Ball, location: 2F 3-2: Base on Balls
|
Batting: RHB Heath O'Keerwin
|
0-0: Ball 1-0: TRIPLE (Line Drive, 9LM) Nelson Martínez scores Patrick Ferguson scores
|
Batting: RHB Kevin Robinson
|
0-0: Ball 1-0: Ball 2-0: Foul Ball, location: 2F 2-1: Foul Ball, location: 2F 2-2: Ball 3-2: Base on Balls
|
Batting: RHB Jeff Buck
|
0-0: Ground out 5-3 (Groundball, 56S) Heath O'Keerwin scores Kevin Robinson to second
|
Pitching: RHP Rod Whitaker
|
|
Batting: RHB Armando Vega
|
0-0: Swinging Strike 0-1: Called Strike 0-2: Strikes out swinging
|
Batting: RHB Francisco Martínez
|
0-0: Fly out, F9 (Flyball, 9LM)
|
Top of the 8th over - 4 run(s), 2 hit(s), 0 error(s), 1 left on base; Atlantic City 9 - Amity Gardens 0 |
BOTTOM OF THE 8TH |
Amity Gardens Westerners batting - Pitching for Atlantic City War Dogs : RHP Augusto Molina
|
Now in RF: Nelson Martínez
|
|
Batting: RHB Jonathon García
|
0-0: Foul Ball, location: 2F 0-1: Ball 1-1: Swinging Strike 1-2: Foul Ball, location: 2F 1-2: Ball 2-2: SINGLE (Line Drive, 89M)
|
Batting: RHB Carlos Dumenigo
|
0-0: Ball 1-0: Called Strike 1-1: Ball 2-1: SINGLE (Flyball, 8LS) Jonathon García to second Runner from 2nd tries for 3rd, SAFE, throw made to third
|
Batting: RHB Manny Olhoa
|
0-0: Ball 1-0: Ball 2-0: Called Strike 2-1: Ball 3-1: SINGLE (Groundball, 56D) Jonathon García scores Carlos Dumenigo to second
|
Batting: RHB Gustavo Todd
|
0-0: Ball 1-0: Swinging Strike 1-1: Foul Ball, location: 2F 1-2: Foul Ball, location: 2F 1-2: Foul Ball, location: 2F 1-2: Strikes out swinging
|
Batting: SHB Chris Barrett
|
0-0: Called Strike 0-1: Ball 1-1: Called Strike 1-2: Strikes out swinging
|
Batting: RHB Luis López
|
0-0: Called Strike 0-1: Called Strike 0-2: Ball 1-2: Fly out, F7 (Line Drive, 7)
|
Bottom of the 8th over - 1 run(s), 3 hit(s), 0 error(s), 2 left on base; Atlantic City 9 - Amity Gardens 1 |
TOP OF THE 9TH |
Atlantic City War Dogs batting - Pitching for Amity Gardens Westerners : RHP Rod Whitaker
|
Batting: LHB Trey Fitzpatrick
|
0-0: Ball 1-0: Fly out, F9 (Flyball, 9)
|
Batting: LHB Robert Mann
|
0-0: SINGLE (Groundball, 34D)
|
Pinch Hitting: LHB Ramiro Venegas
|
0-0: DOUBLE (Line Drive, 89M) Robert Mann to third
|
Batting: LHB Patrick Ferguson
|
0-0: Called Strike 0-1: Foul Ball, location: 2F 0-2: Ball 1-2: Ball 2-2: Ground out 4-3 (Groundball, 4) Robert Mann scores Ramiro Venegas to third
|
Batting: RHB Heath O'Keerwin
|
0-0: Called Strike 0-1: Called Strike 0-2: Strikes out swinging
|
Top of the 9th over - 1 run(s), 2 hit(s), 0 error(s), 1 left on base; Atlantic City 10 - Amity Gardens 1 |
BOTTOM OF THE 9TH |
Amity Gardens Westerners batting - Pitching for Atlantic City War Dogs : RHP Augusto Molina
|
Now in RF: Ramiro Venegas
|
|
Batting: RHB Justin Tomlinson
|
0-0: Called Strike 0-1: Foul Ball, location: 2F 0-2: Strikes out swinging
|
Batting: RHB Xavier Silva
|
0-0: Called Strike 0-1: Foul Ball, location: 2F 0-2: Strikes out swinging
|
Batting: RHB Tomás Rivera
|
0-0: Called Strike 0-1: Ground out 4-3 (Groundball, 4)
|
Bottom of the 9th over - 0 run(s), 0 hit(s), 0 error(s), 0 left on base; Atlantic City 10 - Amity Gardens 1 |
|